 Dungeon Crawl Stone Soup version 0.22.0-38-g04b72b8 (webtiles) character file.

251 Lew the Ducker (level 6, -5/37 HPs)
             Began as a Gargoyle Fighter on Aug 27, 2018.
             Killed from afar by an orc wizard (9 damage)
             ... with a magic dart
             ... on level 3 of the Dungeon.
             The game lasted 00:02:54 (2188 turns).

Lew the Ducker (Gargoyle Fighter)                   Turns: 2188, Time: 00:02:54

Health: -5/37      AC: 11    Str: 24    XL:     6   Next: 13%
Magic:  6/6        EV: 10    Int: 14    God:
Gold:   193        SH:  9    Dex: 11    Spells: 5/5 levels left

rFire    . . .     SeeInvis .   a - +0 flail
rCold    . . .     Gourm    .   c - +0 shield
rNeg     + . .     Faith    .   b - +0 scale mail
rPois    ∞         Spirit   .   (no helmet)
rElec    +         Reflect  .   (no cloak)
rCorr    .         Harm     .   (no gloves)
MR       .....                  (no boots)
Stlth    ..........             (no amulet)
HPRegen  0.12/turn              (no ring)
MPRegen  0.10/turn              (no ring)

@: mighty, brilliant, very slightly contaminated
A: negative energy resistance 1, electricity resistance, unbreathing,
petrification resistance, rot immunity, AC +4
a: no special abilities


You were on level 3 of the Dungeon.
You were hungry.

You visited 1 branch of the dungeon, and saw 3 of its levels.

You collected 193 gold pieces.

Inventory:

Hand Weapons
 a - a +0 flail (weapon)
Armour
 b - a +0 scale mail (worn)
 c - a +0 shield (worn)
Jewellery
 n - a cursed amulet of faith {unknown}
Scrolls
 e - a scroll of magic mapping {unknown}
 h - 3 scrolls of identify {unknown}
 i - a scroll of fear {unknown}
 j - a scroll of immolation {unknown}
 m - a scroll of enchant armour {unknown}
 q - a scroll of enchant weapon {unknown}
Potions
 d - a potion of might
 p - a potion of haste {unknown}
Comestibles
 f - 8 rations


   Skills:
 - Level 3.2 Fighting
 - Level 2.0 Maces & Flails
 - Level 3.2 Armour
 + Level 4.8 Dodging
 - Level 3.2 Shields


You had 5 spell levels left.
You didn't know any spells.
Your spell library was empty.

Dungeon Overview and Level Annotations

Branches:
Dungeon (3/15)

Altars:
Fedhas
Makhleb
Nemelex Xobeh
Trog
Xom
Zin

Annotations:
D:3 4 runed doors


Innate Abilities, Weirdness & Mutations

You are resistant to torment.
Your stone body is resilient. (AC +4)
You are immune to poison.
You resist negative energy. (rN+)
You are resistant to electric shocks. (rElec)
You can survive without breathing.
You are immune to petrification.
You are immune to rotting.


Message History

The puff of flame hits you!
You see here 27 bolts.
You bump into the rock wall.
The orc wizard hits you but does no damage.
You're too confused to move!
The orc wizard casts a spell at you. You resist with some effort.
Your scale mail prevents you from hitting the orc wizard.
The orc wizard is lightly wounded.
The orc wizard hits you with a dagger.
* * * LOW HITPOINT WARNING * * *
You're too confused to move!
The orc wizard hits you but does no damage.
You bump into the rock wall.
The orc wizard hits you but does no damage.
You bump into the rock wall.
You feel less confused.
The orc wizard gestures at you while chanting.
The magic dart hits you!
You die...

#.####.##.###..####
#.# #.###.#.#.# #.#
#.# ##.##># ##.#
#.###...#.# #..#
#.##......# #.##
#.........# ##.##
####.....## #..(##
##...## #..#.#@##
##.#######
#.....o.# #........
##.#.#)## #.#######
##...)##.......#
#...
.........#######
#.## .......# #
#._.....# .........
#. ...⌠.._. #.#


You could see an orc wizard.

Vanquished Creatures
  A howler monkey (D:2)
  A hound (D:2)
  An orc priest (D:3)
  An orc wizard (D:3)
  3 gnolls (D:2)
  4 adders
  A worm (D:3)
  3 dart slugs
  3 leopard geckos (D:1)
  5 orcs (D:3)
  5 bats
  2 goblins
  5 hobgoblins
  4 jackals (D:2)
  2 quokkas (D:3)
  2 ball pythons
  A frilled lizard (D:3)
  5 kobolds
  4 rats
53 creatures vanquished.

Vanquished Creatures (others)
  An orc (D:3)
1 creature vanquished.

Grand Total: 54 creatures vanquished

Notes
Turn   | Place    | Note
-------+----------+-------------------------------------------
     0 | D:1      | Lew the Gargoyle Fighter began the quest for the Orb.
     0 | D:1      | Reached XP level 1. HP: 14/14 MP: 1/1
    35 | D:1      | Reached skill level 1 in Dodging
    43 | D:1      | Reached XP level 2. HP: 8/19 MP: 2/2
   566 | D:1      | Reached skill level 2 in Dodging
   693 | D:1      | Reached XP level 3. HP: 23/23 MP: 3/3
   811 | D:1      | Found a sparkling altar of Nemelex Xobeh.
  1093 | D:2      | Reached skill level 3 in Dodging
  1093 | D:2      | Reached XP level 4. HP: 27/28 MP: 4/4
  1304 | D:2      | Reached XP level 5. HP: 16/32 MP: 5/5
  1524 | D:2      | Found a burning altar of Makhleb.
  1560 | D:2      | Reached skill level 4 in Dodging
  1645 | D:2      | Found a bloodstained altar of Trog.
  1716 | D:3      | Found a runed door.
  1924 | D:3      | Found a blossoming altar of Fedhas.
  2002 | D:3      | Found a runed gate.
  2002 | D:3      | Found a runed gate.
  2002 | D:3      | Found a runed gate.
  2116 | D:3      | Found a shimmering altar of Xom.
  2117 | D:3      | Found a glowing silver altar of Zin.
  2165 | D:3      | Reached XP level 6. HP: 8/37 MP: 6/6
  2188 | D:3      | Killed from afar by an orc wizard

Skill      XL: |  1  2  3  4  5 |
---------------+----------------+-----
Dodging        | 1 2 3 4 |  4.8
Fighting       | |  3.2
Maces & Flails | |  2.0
Armour         | |  3.2
Shields        | |  3.2

Action                   |  1- 3 |  4- 6 || total
-------------------------+-------+-------++-------
Melee: Flail             |    93 |   183 ||   276
  Use: Potion            |       |     7 ||     7
 Stab: Invisible         |       |     1 ||     1
  Eat: Chunk             |       |     4 ||     4
Armor: Scale mail        |    56 |   145 ||   201
Dodge: Dodged            |    41 |    84 ||   125
Block: Shield            |    64 |   100 ||   164
